Map: 宇宙藍寶石

Players

Rex

  • Race: Zerg Zerg
  • League: Diamond
  • Spawn Location: 11:00

SKillous - Winner!

  • Race: Protoss Protoss
  • League: Grandmaster
  • Spawn Location: 5:00

Event: HomeStory Cup XXII

VOD

Have the link to the VOD?

Description

Time

  • Played on: Dec. 16, 2022, 10:26 a.m.
  • Length: 10:44

All games in this series

Show
View Real Time Build Order
Export as new Build Order

Rex Zerg 

Build Orders: Hatch First 

Get SALT Encoding   

  12  0:00  Drone  
  13  0:12  Overlord  
  13  0:16  Drone  
  14  0:31  Drone x2  
  16  0:49  Hatchery  
  15  0:52  Drone  
  15  0:55  Drone  
  17  0:58  Drone  
  18  1:10  Extractor  
  17  1:14  Spawning Pool  
  17  1:17  Drone  
  17  1:20  Drone  
  18  1:28  Drone  
  20  1:40  Drone  
  20  1:49  Overlord  
  20  2:01  Queen x2  
  20  2:02  Zergling x4  
  26  2:09  Metabolic Boost  
  26  2:12  Drone  
  26  2:14  Drone  
  28  2:23  Drone x2  
  30  2:35  Hatchery  
  29  2:40  Drone x2  
  31  2:45  Overlord  
  31  2:55  Zergling x6  
  34  3:08  Zergling x2  
  34  3:09  Zergling x14  
  42  3:14  Queen  
  42  3:19  Overlord  
  44  3:26  Overlord  
  44  3:32  Overlord  
  44  3:37  Queen  
  45  3:46  Drone x5  
  45  3:47  Drone  
  45  3:48  Drone  
  49  3:51  Drone  
  49  3:58  Drone x2  
  49  4:00  Queen  
  49  4:02  Drone  
  54  4:08  Drone  
  55  4:14  Drone  
  55  4:15  Drone  
  56  4:18  Spore Crawler, Queen  
  56  4:21  Drone x3  
  60  4:26  Spore Crawler  
  60  4:27  Drone x2  
  60  4:30  Spore Crawler  
  60  4:34  Drone  
  61  4:41  Drone x4  
  66  4:45  Drone  
  66  4:46  Roach Warren  
  66  4:50  Drone x3  
  66  4:51  Drone  
  66  4:57  Lair  
  66  5:02  Overlord x2  
  66  5:04  Overlord  
  66  5:14  Queen, Extractor  
  64  5:15  Drone, Overlord  
  64  5:19  Overlord x2  
  64  5:20  Drone x3  
  68  5:25  Drone x3  
  68  5:27  Drone x2  
  73  5:28  Drone  
  73  5:32  Drone x3  
  73  5:34  Spore Crawler  
  76  5:37  Drone  
  76  5:38  Drone, Extractor  
  76  5:39  Extractor  
  76  5:42  Drone x3  
  79  5:44  Spore Crawler  
  79  5:45  Drone  
  79  5:52  Overlord x2  
  79  5:53  Drone x3  
  79  5:56  Extractor  
  80  6:00  Drone x3  
  80  6:01  Spore Crawler, Drone x2  
  81  6:06  Spire  
  81  6:09  Drone x2  
  81  6:10  Extractor  
  81  6:13  Drone x4  
  81  6:14  Overseer  
  81  6:18  Drone x2  
  87  6:21  Drone x2, Evolution Chamber  
  88  6:28  Drone  
  88  6:29  Drone  
  88  6:36  Drone  
  88  6:38  Overlord  
  88  6:39  Overlord  
  89  6:40  Hatchery  
  89  6:41  Overlord  
  89  6:42  Overlord  
  88  6:48  Overlord  
  88  6:49  Zergling x14  
  88  6:52  Zerg Melee Weapons Level 1  
  95  6:57  Baneling Nest  
  94  7:03  Queen x3  
  100  7:09  Drone x6  
  106  7:20  Zerg Flyer Weapons Level 1, Drone x2  
  106  7:21  Drone x6  
  114  7:24  Overlord  
  114  7:36  Hatchery  
  113  7:42  Hatchery  
  112  7:46  Corruptor x5  
  120  7:56  Hatchery  
  120  7:57  Corruptor x2  
  123  8:01  Overseer  
  123  8:06  Corruptor  
  123  8:07  Corruptor x2  
  123  8:09  Corruptor  
  131  8:15  Corruptor  
  133  8:26  Corruptor x3  
  138  8:30  Centrifugal Hooks  
  138  8:34  Infestation Pit  
  138  8:39  Zergling x2, Drone x5  
  138  8:40  Extractor x2  
  141  8:42  Corruptor  
  141  8:48  Zergling x10  
  148  8:51  Roach  
  148  8:52  Roach  
  148  8:54  Roach x2  
  156  8:58  Roach x3  
  156  9:01  Roach  
  164  9:03  Overlord  
  164  9:09  Roach x4  
  169  9:13  Hive  
  169  9:14  Glial Reconstitution  
  169  9:21  Zergling x14  
  174  9:26  Ravager x3  
  174  9:28  Zergling x12  
  165  9:40  Roach x9  
  165  9:45  Roach x4  
  178  9:47  Roach  
  178  9:50  Roach x2  
  178  9:51  Roach  
  178  9:52  Zergling x2  
  162  9:55  Roach  
  162  9:58  Roach  
  144  10:01  Roach  
  144  10:05  Roach x2  
  149  10:11  Zergling x2  
  146  10:16  Zergling x6  
  138  10:22  Roach x2  
Show
View Real Time Build Order
Export as new Build Order

SKillous Protoss - Winner!

Build Orders: 1 Gate Expand, Oracle Opening 

Get SALT Encoding   

  12  0:00  Probe  
  13  0:12  Probe  
  14  0:19  Pylon  
  14  0:24  Probe  
  15  0:37  Probe (Chrono Boost)  
  15  0:40  Gateway  
  16  0:46  Probe (Chrono Boost)  
  16  0:47  Assimilator  
  17  0:51  Probe  
  18  1:03  Probe  
  19  1:15  Probe  
  20  1:23  Nexus  
  20  1:34  Cybernetics Core  
  20  1:37  Probe  
  21  1:43  Assimilator  
  21  1:49  Probe  
  21  1:53  Pylon  
  23  2:01  Probe (Chrono Boost)  
  23  2:11  Adept  
  23  2:13  Probe (Chrono Boost)  
  26  2:16  Stargate  
  26  2:18  Probe (Chrono Boost)  
  27  2:24  Warp Gate  
  27  2:29  Probe (Chrono Boost)  
  30  2:37  Probe (Chrono Boost)  
  30  2:38  Probe (Chrono Boost)  
  30  2:43  Adept  
  33  2:45  Probe (Chrono Boost)  
  33  2:46  Probe (Chrono Boost)  
  33  2:50  Probe (Chrono Boost)  
  34  2:55  Probe  
  36  3:02  Probe  
  36  3:03  Void Ray (Chrono Boost)  
  41  3:08  Probe  
  41  3:12  Pylon  
  42  3:14  Probe  
  43  3:20  Probe  
  43  3:26  Probe  
  45  3:32  Probe  
  45  3:33  Oracle (Chrono Boost)  
  49  3:43  Pylon  
  49  3:44  Pylon  
  49  3:47  Probe x2  
  50  3:53  Shield Battery  
  48  3:55  Assimilator  
  48  3:56  Assimilator  
  48  3:59  Probe x2  
  50  4:08  Stargate  
  50  4:11  Probe x2, Pylon  
  50  4:12  Nexus  
  50  4:16  Pylon  
  50  4:18  Adept  
  50  4:23  Probe x2  
  54  4:25  Pylon  
  54  4:35  Probe x2  
  60  4:39  Adept  
  60  4:42  Void Ray (Chrono Boost)  
  62  4:48  Probe x2  
  64  4:55  Protoss Air Weapons Level 1  
  68  5:00  Probe x2, Pylon  
  68  5:02  Shield Battery, Void Ray (Chrono Boost)  
  70  5:17  Assimilator  
  70  5:18  Assimilator  
  70  5:19  Probe x2 (Chrono Boost)  
  76  5:21  Pylon  
  76  5:24  Void Ray  
  76  5:26  Probe (Chrono Boost)  
  77  5:31  Probe (Chrono Boost)  
  84  5:36  Void Ray, Probe (Chrono Boost)  
  84  5:37  Probe (Chrono Boost)  
  84  5:38  Probe (Chrono Boost)  
  84  5:42  Robotics Facility  
  85  5:45  Probe  
  85  5:46  Probe x2  
  88  5:55  Forge  
  86  5:57  Probe  
  86  5:58  Twilight Council  
  86  6:02  Probe x2  
  89  6:09  Probe  
  89  6:11  Void Ray, Pylon  
  94  6:14  Probe x2  
  94  6:16  Protoss Ground Weapons Level 1 (Chrono Boost)  
  100  6:21  Void Ray, Probe  
  101  6:29  Probe  
  102  6:35  Gateway  
  102  6:37  Gateway  
  102  6:40  Observer, Gateway  
  102  6:42  Charge (Chrono Boost)  
  102  6:43  Gateway  
  102  6:45  Pylon  
  103  6:49  Robotics Bay, Templar Archives  
  103  6:54  Pylon  
  103  6:59  Shield Battery, Immortal (Chrono Boost)  
  103  7:08  Probe  
  108  7:10  Nexus  
  108  7:18  Probe x2  
  108  7:20  Probe  
  111  7:27  Zealot  
  111  7:28  Gateway  
  113  7:30  Gateway  
  113  7:33  Gateway  
  113  7:34  Disruptor (Chrono Boost)  
  113  7:37  Zealot x3  
  120  7:51  Pylon  
  120  7:54  Nexus  
  120  7:55  Photon Cannon  
  120  7:57  Shield Battery  
  120  7:59  Pylon  
  120  8:02  Gateway  
  120  8:03  Pylon  
  120  8:06  Photon Cannon  
  120  8:07  Gateway  
  120  8:08  Disruptor (Chrono Boost)  
  120  8:09  Probe x2  
  120  8:12  Probe  
  124  8:18  High Templar  
  124  8:19  High Templar x3  
  132  8:21  Probe x2  
  132  8:24  Archon, Probe  
  135  8:28  Archon  
  135  8:30  Blink  
  135  8:33  Warp Prism (Chrono Boost), Probe x2  
  134  8:35  High Templar x2  
  134  8:36  Probe  
  134  8:37  Photon Cannon  
  134  8:39  Shield Battery  
  134  8:41  Assimilator  
  141  8:43  Pylon  
  141  8:45  Archon  
  141  8:47  Assimilator  
  141  8:49  Pylon  
  141  8:51  Shield Battery  
  141  9:07  High Templar x3  
  141  9:08  High Templar  
  149  9:13  Archon x2  
  149  9:15  Zealot x6  
  161  9:19  Nexus  
  161  9:21  Disruptor  
  158  9:39  Zealot x7  
  145  9:59  Zealot x10  
  151  10:01  Disruptor  
  151  10:03  Pylon  
  154  10:23  Stalker x6  
  154  10:24  Stalker x4  
  154  10:27  Pylon  
Tags
 
Add a new tag
Caveats
  • Supply blocks, unpowered buildings, or Contaminate may cause inaccurate times.
  • Supply counts are checked every 10 seconds.